 Dungeon Sprint DCSS version 0.22.1-1-ga44c0e56f4 (webtiles) character file.

2216 MuseOD the Unseen (level 9, -11/49 HPs)
             Began as a Spriggan Enchanter on Sept 21, 2018.
             Was a Priest of Dithmenos.
             Mangled by a yaktaur captain (25 damage)
             ... in the Dungeon (Sprint II: "The Violet Keep of Menkaure").
             The game lasted 00:04:00 (695 turns).

MuseOD the Unseen (Spriggan Enchanter)               Turns: 695, Time: 00:04:01

Health: -11/49     AC:  2    Str:  4    XL:     9   Next: 13%
Magic:  8/24       EV: 18    Int: 20    God:    Dithmenos [***...]
Gold:   1053       SH:  0    Dex: 16    Spells: 16/28 levels left

rFire    . . .     SeeInvis +   a - +1 dagger
rCold    . . .     Gourm    .   (shield restricted)
rNeg     . . .     Faith    .   b - +0 robe
rPois    .         Spirit   .   (helmet restricted)
rElec    .         Reflect  .   (no cloak)
rCorr    .         Harm     .   (gloves unavailable)
MR       +....     NoTele   +   (boots unavailable)
Stlth    +++++++++.             (no amulet)
HPRegen  0.16/turn              (no ring)
MPRegen  0.19/turn              (no ring)

@: wreathed by umbra, very quick
A: very small, unfitting armour, see invisible, herbivore, speed 3, slow
metabolism 2
a: Shadow Step, Renounce Religion


You were in the Dungeon.
You worshipped Dithmenos.
Dithmenos was most pleased with you.
You were not hungry.

You visited 1 branch You collected 1053 gold pieces.

Inventory:

Hand Weapons
 a - a +1 dagger (weapon)
Armour
 b - a +0 robe (worn)
Scrolls
 j - a scroll of blinking
Potions
 g - a potion of haste
 h - a potion of magic
 i - a potion of berserk rage
Comestibles
 d - a ration


   Skills:
 + Level 6.9 Fighting
 + Level 10.1 Short Blades
 - Level 3.0 Dodging
 + Level 17.4 Stealth
 - Level 10.4 Spellcasting
 - Level 10.6 Hexes


You had 16 spell levels left.
You knew the following spells:

 Your Spells              Type           Power        Failure   Level  Hunger
a - Corona                Hex            ######.      1%          1    None
b - Ensorcelled Hibernat  Hex/Ice        ####..       1%          2    None
c - Confuse               Hex            ######..     1%          3    None
d - Dazzling Spray        Conj/Hex       ####..       2%          3    None
e - Tukima's Dance        Hex            ######..     1%          3    None

Your spell library contained the following spells:

 Spells                   Type           Power        Failure   Level  Hunger


Dungeon Overview and Level Annotations

Branches:
Dungeon (1/1)

Altars:
Cheibriados
Dithmenos
Elyvilon
Fedhas
Gozag
Hepliaklqana
Kikubaaqudgha
Makhleb
Nemelex Xobeh
Okawaru
Qazlal
Ru
Sif Muna
Trog
Uskayaw
Vehumet
Wu Jian
Xom
Yredelemnul
Zin
The Shining One
Beogh
Jiyva
Lugonu

Shops:
D [*:!((!==:}[%??(

Annotations:
D exclusion: oklob plant, Kirke


Innate Abilities, Weirdness & Mutations

You are very small and have problems with some larger weapons.
You are too small for most types of armour.
You have supernaturally acute eyesight. (SInv)
You are a herbivore.
You cover ground extremely quickly.
You need to consume almost no food.


Message History

The yaktaur captain hits you!
* * * LOW HITPOINT WARNING * * *
You feel much better. The yaktaur captain hits you!!
* * * LOW HITPOINT WARNING * * *
Casting: Confuse (safe; 1% risk of failure)
Confirm with . or Enter, or press ? or * to list all spells.
Aiming: Confuse (safe; 1% risk of failure)
Press: ? - help, Shift-Dir - straight line, f/p - yaktaur captain
Aim: a yaktaur captain (umbra, chance to defeat MR: 38%)
The yaktaur captain resists with some effort.
The yaktaur captain misses you.
Casting: Confuse (safe; 1% risk of failure)
Confirm with . or Enter, or press ? or * to list all spells.
Aiming: Confuse (safe; 1% risk of failure)
Press: ? - help, Shift-Dir - straight line, f/p - yaktaur captain
Aim: a yaktaur captain (umbra, chance to defeat MR: 38%)
The yaktaur captain resists with some effort.
The yaktaur captain hits you!!
Ouch! That really hurt!
You die...

####+#### ##≈≈§≈§≈≈##
≈§§§§≈§≈§## ### §≈§8§§§§§
#.YK#### §§§≈§§§ #3z@c@≈##
≈≈§≈
############≈≈#+++#+++##
###########≈≈≈.........#
##∩.......#≈≈≈≈.##'##..#
##.∩.....∩#≈≈≈≈##.#.##.####
##∩.∩...∩.#≈≈≈≈#..#..# ...#
##.∩.∩.∩.∩#≈≈#####.#####..##
##..∩.∩.∩.#≈##.###†###.##..#
##...∩.∩..#≈#.#.##.##)..#..#


You could see Kirke, a yaktaur captain, an elephant, a skeletal warrior, a soul
eater and a kobold demonologist.

Vanquished Creatures
  A merfolk siren (D)
  A yaktaur (D)
  2 polar bears (D)
  A hornet (D)
  2 hippogriffs (D)
  4 neqoxecs (D)
  2 crocodiles (D)
  A scorpion (D)
  4 worker ants (D)
18 creatures vanquished.

Vanquished Creatures (others)
  A polar bear (D)
  Menkaure (D)
2 creatures vanquished.

Grand Total: 20 creatures vanquished

Notes
Turn   | Place    | Note
-------+----------+-------------------------------------------
     0 | D        | MuseOD the Spriggan Enchanter began the quest for the Orb.
     0 | D        | Reached XP level 1. HP: 9/9 MP: 5/5
     1 | D        | Noticed a merfolk siren
     4 | D        | Noticed a worker ant
     4 | D        | Noticed a worker ant
     6 | D        | Noticed a worker ant
     6 | D        | Noticed a worker ant
     7 | D        | Killed a worker ant
     7 | D        | Reached skill level 6 in Stealth
     7 | D        | Reached XP level 2. HP: 15/15 MP: 6/6
     8 | D        | Reached skill level 5 in Short Blades
     8 | D        | Reached XP level 3. HP: 19/19 MP: 8/8
    19 | D        | Reached skill level 7 in Stealth
    19 | D        | Reached XP level 4. HP: 24/24 MP: 9/9
    21 | D        | Noticed an orange crystal statue
    54 | D        | Learned a level 2 spell: Ensorcelled Hibernation
    58 | D        | Learned a level 3 spell: Confuse
    60 | D        | Noticed a hippogriff
    60 | D        | Noticed a hippogriff
    63 | D        | Killed a hippogriff
    63 | D        | Reached skill level 11 in Stealth
    63 | D        | Reached XP level 5. HP: 28/28 MP: 9/15
    63 | D        | Killed Menkaure
    66 | D        | Killed a hippogriff
    66 | D        | Reached skill level 12 in Stealth
    66 | D        | Reached XP level 6. HP: 32/32 MP: 9/18
    74 | D        | Learned a level 3 spell: Dazzling Spray
    78 | D        | Learned a level 3 spell: Tukima's Dance
    94 | D        | Killed a merfolk siren
    94 | D        | Reached skill level 14 in Stealth
    94 | D        | Reached skill level 10 in Spellcasting
    94 | D        | Reached skill level 10 in Hexes
    94 | D        | Reached XP level 7. HP: 17/36 MP: 9/21
   165 | D        | Found a glowing silver altar of Zin.
   166 | D        | Found a glowing golden altar of the Shining One.
   166 | D        | Found a basalt altar of Yredelemnul.
   166 | D        | Found a hide-covered altar of Uskayaw.
   167 | D        | Found a shimmering altar of Xom.
   167 | D        | Found a bloodstained altar of Trog.
   168 | D        | Found an ornate altar of the Wu Jian Council.
   168 | D        | Found a deep blue altar of Sif Muna.
   168 | D        | Found a corrupted altar of Lugonu.
   168 | D        | Found a radiant altar of Vehumet.
   168 | D        | Found a burning altar of Makhleb.
   169 | D        | Found a sacrificial altar of Ru.
   169 | D        | Found an ancient bone altar of Kikubaaqudgha.
   169 | D        | Found a white marble altar of Elyvilon.
   170 | D        | Found a stormy altar of Qazlal.
   170 | D        | Found a viscous altar of Jiyva.
   170 | D        | Found a shadowy altar of Dithmenos.
   171 | D        | Found a hazy altar of Hepliaklqana.
   171 | D        | Found a snail-covered altar of Cheibriados.
   172 | D        | Found a roughly hewn altar of Beogh.
   172 | D        | Found a sparkling altar of Nemelex Xobeh.
   172 | D        | Found a blossoming altar of Fedhas.
   173 | D        | Found an opulent altar of Gozag.
   173 | D        | Found an iron altar of Okawaru.
   180 | D        | Became a worshipper of Dithmenos the Shadowed
   209 | D        | Noticed a polar bear
   209 | D        | Noticed a hornet
   209 | D        | Noticed a yaktaur
   209 | D        | Noticed a polar bear
   215 | D        | Killed a polar bear
   217 | D        | Noticed a polar bear
   229 | D        | Killed a hornet
   229 | D        | Reached skill level 15 in Stealth
   229 | D        | Reached XP level 8. HP: 13/42 MP: 8/23
   233 | D        | Killed a polar bear
   240 | D        | Killed a yaktaur
   240 | D        | Reached * piety under Dithmenos
   240 | D        | Reached skill level 5 in Fighting
   240 | D        | Reached skill level 16 in Stealth
   252 | D        | Killed a polar bear
   488 | D        | Noticed a death drake
   513 | D        | Reached ** piety under Dithmenos
   518 | D        | Reached skill level 17 in Stealth
   518 | D        | Reached XP level 9. HP: 46/49 MP: 21/24
   526 | D        | Found Ibaonnyf's Antique Armour Shop.
   526 | D        | Found Oguheqa's Jewellery Boutique.
   526 | D        | Found Canal's Magic Scroll Shop.
   526 | D        | Found Utuem's Book Boutique.
   526 | D        | Found Yxaug's Antique Weapon Shop.
   526 | D        | Found Saer's Gadget Boutique.
   526 | D        | Found Dirup's Jewellery Shop.
   526 | D        | Found Zuad's Food Boutique.
   526 | D        | Found Cinotocw's Magic Scroll Boutique.
   527 | D        | Found Zyrum's Distillery.
   527 | D        | Found Zidghit's Antique Weapon Boutique.
   536 | D        | Reached *** piety under Dithmenos
   536 | D        | Reached skill level 10 in Short Blades
   540 | D        | Found Sotub's Weapon Boutique.
   540 | D        | Found Bofoter's Distillery.
   540 | D        | Noticed an oklob plant
   541 | D        | Found Waseguas's Assorted Antiques.
   541 | D        | Found Umiok's Book Shoppe.
   541 | D        | Found Fynec's Antique Armour Boutique.
   551 | D        | Noticed an unseen horror
   566 | D        | Noticed a fire dragon
   593 | D        | Noticed an ice statue
   688 | D        | Noticed an elephant
   688 | D        | Noticed a centaur warrior
   688 | D        | Noticed Kirke
   688 | D        | Noticed a skeletal warrior
   688 | D        | Noticed a kobold demonologist
   688 | D        | Noticed a yaktaur captain
   692 | D        | Noticed a soul eater
   695 | D        | Mangled by a yaktaur captain

Skill      XL: |  1  2  3  4  5  6  7  8  9 |
---------------+----------------------------+-----
Fighting       | 2 3 4 6 |  6.9
Short Blades   | 4 5 6 7 9 10 | 10.1
Stealth        | 6 7 11 12 14 15 17 | 17.4
Spellcasting   | 7 8 10 | 10.4
Hexes          | 7 9 10 | 10.6
Dodging        | |  3.0

Action                   |  1- 3 |  4- 6 |  7- 9 || total
-------------------------+-------+-------+-------++-------
Melee: Dagger            |     3 |    10 |    31 ||    44
 Cast: Confuse           |       |     1 |    17 ||    18
       Ensorcelled Hiber |       |       |     6 ||     6
  Use: Potion            |       |       |     3 ||     3
 Stab: Sleeping          |     3 |     2 |     8 ||    13
       Confused          |       |     2 |     6 ||     8
Dodge: Dodged            |     2 |     5 |    12 ||    19
